Scraper vs Staline

Created - 15 mars 2015 at 19:20

Goals
1 2 3 T
Scraper 1 1 1 3
Staline 1 1 3 5
Shots
1 2 3 T
Scraper 8 12 7 27
Staline 15 7 11 33

1st period

1. Staline , Mathieu Perreault 8 (Keith Aulie, Nick Spaling) at 8:56
2. Scraper , Riley Armstrong 24 (Jared Cowen) at 13:48

Penalties :
No Penalty

2nd period

3. Scraper , Riley Armstrong 25 (Eric Godard, Brendan Smith) at 3:55
4. Staline , Mason Raymond 31 (Stu Bickel, James Sheppard) at 7:29

Penalties :
Riley Nash (Out) for Hooking (Minor) at 14:30, Joe Finley (Out) for Tripping (Minor) at 19:29

3rd period

5. Staline , Tyler Cuma 5 (Peter Mueller) at 0:32 (PP)
6. Staline , Mathieu Perreault 9 (Keith Aulie, J.T. Wyman) at 9:05
7. Scraper , Daniel Winnik 28 (Riley Armstrong, Eric Godard) at 9:41 (PP)
8. Staline , Mason Raymond 32 (Devin Setoguchi, Andrei Loktionov) at 12:55 (PP)

Penalties :
Theo Peckham (StJ) for Cross-checking (Minor) at 9:27, Riley Nash (Out) for Roughing (Minor) at 12:33

Goalie Stats

Peter Mannino (Out), 28 saves from 33 shots - (0,848), L, 17-18-1, 60:00 minutes
Tobias Stephan (StJ), 24 saves from 27 shots - (0,889), W, 41-14-4, 60:00 minutes

Players Stats for Scraper

Player Name              G  A  P  +/- PIM S  H  SB GA TA FO     MP     PP MP  PK MP  
------------------------------------------------------------------------------------
Brayden Schenn           0  0  0  -1  0   0  0  1  0  0  3/4    13:05   0:00   0:14 
Brendan Smith            0  1  1   0  0   1  2  3  0  5  0/0    27:22   0:14   2:28 
Daniel Winnik            1  0  1   0  0   4  0  0  0  0  1/1    17:00   0:14   1:07 
Derek Joslin             0  0  0   0  0   1  1  4  0  3  0/0    23:00   0:14   2:28 
Eric Godard              0  2  2  -1  0   4  0  1  1  2  1/5    25:28   0:14   2:03 
Eric Gryba               0  0  0  -2  0   1  0  1  0  2  0/0    12:59   0:00   0:00 
Eric Knodel              0  0  0   0  0   0  0  0  0  0  0/0     5:07   0:00   0:00 
Ilkka Heikkinen          0  0  0   1  0   1  0  2  0  0  0/0    19:27   0:00   0:56 
Jared Cowen              0  1  1   1  0   0  0  1  0  0  0/0    19:27   0:00   0:56 
Jerome Samson            0  0  0   1  0   0  1  0  0  0  1/1    13:23   0:00   0:45 
Joe Finley               0  0  0  -2  2   1  0  0  0  0  0/0    12:58   0:00   0:00 
Marcus Foligno           0  0  0  -1  0   0  3  0  0  2  0/1    19:53   0:00   0:14 
Reilly Smith             0  0  0  -1  0   1  2  0  0  0  0/1    13:04   0:00   0:00 
Rick Schofield           0  0  0  -1  0   4  1  0  0  1  6/11   19:49   0:00   0:00 
Riley Armstrong          2  1  3   1  0   6  3  1  1  2  15/25  24:35   0:14   1:58 
Riley Nash               0  0  0   1  4   1  0  0  0  0  2/5     9:40   0:00   0:00 
Roman Horak              0  0  0   0  0   0  0  0  0  0  0/0     0:00   0:00   0:00 
Valeri Bure              0  0  0  -1  0   2  2  1  2  0  1/2    20:16   0:00   0:27 

Players Stats for Staline

Player Name              G  A  P  +/- PIM S  H  SB GA TA FO     MP     PP MP  PK MP  
------------------------------------------------------------------------------------
Andrei Loktionov         0  1  1   0  0   5  2  1  4  1  18/35  22:45   1:59   0:14 
Cam Janssen              0  0  0   0  0   3  0  0  2  0  1/3    16:45   1:14   0:00 
Cody Eakin               0  0  0   0  0   1  1  0  0  0  0/2     8:26   0:11   0:00 
Devin Setoguchi          0  1  1   0  0   5  3  0  3  0  0/4    22:34   1:59   0:00 
J.T. Wyman               0  1  1   1  0   1  3  0  0  0  0/0    12:54   0:11   0:00 
James Sheppard           0  1  1   0  0   0  0  0  0  0  0/0     7:59   0:00   0:00 
Jared Boll               0  0  0   0  0   0  1  0  1  0  1/1     8:45   0:11   0:00 
Keith Aulie              0  2  2   2  0   3  2  1  1  1  0/0    22:45   0:00   0:14 
Mason Raymond            2  0  2   0  0   4  1  1  1  0  2/3    22:33   1:59   0:00 
Mathieu Perreault        2  0  2   1  0   2  0  0  0  0  0/1    12:12   0:00   0:00 
Michael Del Zotto        0  0  0   1  0   0  1  0  0  0  0/0    18:13   2:00   0:00 
Nick Spaling             0  1  1   1  0   1  2  0  1  0  0/0    12:29   0:00   0:00 
Peter Mueller            0  1  1   0  0   5  3  0  0  0  4/7    16:15   1:14   0:00 
Pierre-Luc Létourneau    0  0  0   0  0   0  3  0  2  0  0/0    16:29   1:14   0:14 
Stu Bickel               0  1  1   2  0   2  1  1  1  0  0/0    22:43   0:00   0:14 
Theo Peckham             0  0  0  -2  2   0  0  1  0  0  0/0    18:53   1:24   0:00 
Torey Krug               0  0  0   1  0   0  4  0  1  1  0/0    18:13   2:00   0:00 
Tyler Cuma               1  0  1  -2  0   1  0  1  0  1  0/0    18:52   1:24   0:00 

3 Stars

1 - Riley Armstrong (Out)
2 - Mathieu Perreault (StJ)
3 - Mason Raymond (StJ)

Power Play

Scraper - 1 on 1 Attempt(s) - 100,00%
Staline - 2 on 3 Attempt(s) - 66,67%

Penalty Kill

Scraper - 1 on 3 Attempt(s) - 33,33% - Score 0 goal in Penalty Kill
Staline - 0 on 1 Attempt(s) - 0,00% - Score 0 goal in Penalty Kill

Team Stat

Scraper - Hits : 15 - Faceoff Wins : 30 - Blocked Shots : 15 - Penalty Minutes : 6
Staline - Hits : 27 - Faceoff Wins : 26 - Blocked Shots : 6 - Penalty Minutes : 2

Official

Referees : Rehman Kyle and Leggo Mike
Linesman : David Brisebois and Dan Schachte

Game Notes

No Game Note

Finance

Level 1 -- Attendance: 1552 (77,60%) -- Ticket Income 54 320 $
Level 2 -- Attendance: 749 (74,90%) -- Ticket Income 11 235 $
Total Attendance: 2301 (76,70%)
Total Ticket Income: 65 555 $
Other Income: 3 278 $
Total Income: 68 833 $

Scraper

5 vs 5 Forward 
   Center                   Left Wing                Right Wing               Time % Phy DF OF 
 1 Riley Armstrong          Daniel Winnik            Eric Godard              40     1   2  2  
 2 Rick Schofield           Marcus Foligno           Valeri Bure              30     1   2  2  
 3 Brayden Schenn           Eric Godard              Reilly Smith             20     1   2  2  
 4 Riley Nash               Riley Armstrong          Jerome Samson            10     1   2  2  

5 vs 5 Defense 
   Defense                  Defense                                           Time % Phy DF OF 
 1 Brendan Smith            Derek Joslin                                      40     1   2  2  
 2 Ilkka Heikkinen          Jared Cowen                                       30     1   2  2  
 3 Eric Gryba               Joe Finley                                        20     1   2  2  
 4 Eric Knodel              Brendan Smith                                     10     1   2  2  

PowerPlay Forward 
   Center                   Left Wing                Right Wing               Time % Phy DF OF 
 1 Riley Armstrong          Daniel Winnik            Eric Godard              60     1   2  2  
 2 Rick Schofield           Marcus Foligno           Valeri Bure              40     1   2  2  

PowerPlay Defense
   Defense                  Defense                                           Time % Phy DF OF 
 1 Brendan Smith            Derek Joslin                                      60     1   2  2  
 2 Ilkka Heikkinen          Jared Cowen                                       40     1   2  2  

Penalty Kill 4 Players Forward 
   Center                   Wing                     Time % Phy DF OF 
 1 Eric Godard              Riley Armstrong          60     1   2  2  
 2 Valeri Bure              Daniel Winnik            40     1   2  2  

Penalty Kill 4 Players Defense
   Defense                  Defense                  Time % Phy DF OF 
 1 Brendan Smith            Derek Joslin             60     1   2  2  
 2 Ilkka Heikkinen          Jared Cowen              40     1   2  2  

Penalty Kill - 3 Players Forward 
   Forward                                           Time % Phy DF OF 
 1 Eric Godard                                       60     1   2  2  
 2 Riley Armstrong                                   40     1   2  2  

Penalty Kill - 3 Players Defense
   Defense                  Defense                  Time % Phy DF OF 
 1 Brendan Smith            Derek Joslin             60     1   2  2  
 2 Ilkka Heikkinen          Jared Cowen              40     1   2  2  

4 vs 4 Forward 
   Center                   Wing                     Time % Phy DF OF 
 1 Eric Godard              Riley Armstrong          60     1   2  2  
 2 Valeri Bure              Daniel Winnik            40     1   2  2  

4 vs 4 Defense
   Defense                  Defense                  Time % Phy DF OF 
 1 Brendan Smith            Derek Joslin             60     1   2  2  
 2 Ilkka Heikkinen          Jared Cowen              40     1   2  2  

Last Minutes Offensive
   Center                   Left Wing                Right Wing               Defense                  Defense                  
   Riley Armstrong          Daniel Winnik            Eric Godard              Brendan Smith            Derek Joslin             

Last Minutes Defensive
   Center                   Left Wing                Right Wing               Defense                  Defense                  
   Riley Armstrong          Daniel Winnik            Eric Godard              Brendan Smith            Derek Joslin             

Goaltenders
Starting : Peter Mannino            
Backup : Maxime Ouellet           

Extra Forwards
Normal : Brayden Schenn, Reilly Smith, Jerome Samson - PP : Brayden Schenn, Reilly Smith - PK : Jerome Samson
Extra Defensemen
Normal : Eric Gryba, Joe Finley, Eric Knodel - PP : Eric Gryba - PK : Joe Finley, Eric Knodel
Penalty Shots
Eric Godard, Riley Armstrong, Valeri Bure, Daniel Winnik, Rick Schofield

Staline

5 vs 5 Forward 
   Center                   Left Wing                Right Wing               Time % Phy DF OF 
 1 Andrei Loktionov         Mason Raymond            Devin Setoguchi          40     1   2  2  
 2 Peter Mueller            Pierre-Luc Létourneau    Cam Janssen              30     1   2  2  
 3 Mathieu Perreault        Nick Spaling             J.T. Wyman               20     1   2  2  
 4 Cody Eakin               James Sheppard           Jared Boll               10     1   2  2  

5 vs 5 Defense 
   Defense                  Defense                                           Time % Phy DF OF 
 1 Stu Bickel               Keith Aulie                                       40     1   2  2  
 2 Theo Peckham             Tyler Cuma                                        30     1   2  2  
 3 Michael Del Zotto        Torey Krug                                        28     1   2  2  
 4 Stu Bickel               Keith Aulie                                       2      1   2  2  

PowerPlay Forward 
   Center                   Left Wing                Right Wing               Time % Phy DF OF 
 1 Andrei Loktionov         Mason Raymond            Devin Setoguchi          60     1   2  2  
 2 Peter Mueller            Pierre-Luc Létourneau    Cam Janssen              40     1   2  2  

PowerPlay Defense
   Defense                  Defense                                           Time % Phy DF OF 
 1 Michael Del Zotto        Torey Krug                                        60     1   2  2  
 2 Theo Peckham             Tyler Cuma                                        40     1   2  2  

Penalty Kill 4 Players Forward 
   Center                   Wing                     Time % Phy DF OF 
 1 Andrei Loktionov         Pierre-Luc Létourneau    60     1   2  2  
 2 Mathieu Perreault        Mason Raymond            40     1   2  2  

Penalty Kill 4 Players Defense
   Defense                  Defense                  Time % Phy DF OF 
 1 Stu Bickel               Keith Aulie              60     1   2  2  
 2 Theo Peckham             Tyler Cuma               40     1   2  2  

Penalty Kill - 3 Players Forward 
   Forward                                           Time % Phy DF OF 
 1 Andrei Loktionov                                  60     1   2  2  
 2 Mathieu Perreault                                 40     1   2  2  

Penalty Kill - 3 Players Defense
   Defense                  Defense                  Time % Phy DF OF 
 1 Stu Bickel               Keith Aulie              60     1   2  2  
 2 Theo Peckham             Tyler Cuma               40     1   2  2  

4 vs 4 Forward 
   Center                   Wing                     Time % Phy DF OF 
 1 Andrei Loktionov         Pierre-Luc Létourneau    60     1   2  2  
 2 Peter Mueller            Cam Janssen              40     1   2  2  

4 vs 4 Defense
   Defense                  Defense                  Time % Phy DF OF 
 1 Stu Bickel               Keith Aulie              60     1   2  2  
 2 Theo Peckham             Tyler Cuma               40     1   2  2  

Last Minutes Offensive
   Center                   Left Wing                Right Wing               Defense                  Defense                  
   Andrei Loktionov         Mason Raymond            Devin Setoguchi          Michael Del Zotto        Tyler Cuma               

Last Minutes Defensive
   Center                   Left Wing                Right Wing               Defense                  Defense                  
   Andrei Loktionov         Pierre-Luc Létourneau    Devin Setoguchi          Theo Peckham             Stu Bickel               

Goaltenders
Starting : Tobias Stephan           
Backup : Joni Ortio               

Extra Forwards
Normal : J.T. Wyman, Jared Boll, Nick Spaling - PP : J.T. Wyman, Jared Boll - PK : Nick Spaling
Extra Defensemen
Normal : Michael Del Zotto, Torey Krug, Theo Peckham - PP : Keith Aulie - PK : Torey Krug, Theo Peckham
Penalty Shots
Devin Setoguchi, Pierre-Luc Létourneau, Cam Janssen, Andrei Loktionov, Mason Raymond

% Time on Ice - Scraper

Lines # - Real PCT - Wanted PCT - Time Play
Normal Forward
1 - 28% - 40% - 15:34
2 - 35% - 30% - 19:56
3 - 20% - 20% - 11:11
4 - 17% - 10% - 9:41
Normal Defense
1 - 36% - 40% - 20:18
2 - 33% - 30% - 18:31
3 - 23% - 20% - 12:59
4 - 8% - 10% - 4:34
PP Forward
1 - 100% - 60% - 0:14
2 - 0% - 40% - 0:00
PP Defense
1 - 100% - 60% - 0:14
2 - 0% - 40% - 0:00
PK Forward
1 - 87% - 60% - 2:57
2 - 13% - 40% - 0:27
PK Defense
1 - 73% - 60% - 2:28
2 - 27% - 40% - 0:56
PK3 Forward
1 - 0% - 60%
2 - 0% - 40%
PK3 Defense
1 - 0% - 60%
2 - 0% - 40%
44 Forward
1 - 0% - 60%
2 - 0% - 40%
44 Defense
1 - 0% - 60%
2 - 0% - 40%
Last Minute Offensive  - 0:00
Last Minute Defensive  - 0:00
Total
Forward - 60:00
Defense - 60:00

% Time on Ice - Staline

Lines # - Real PCT - Wanted PCT - Time Play
Normal Forward
1 - 38% - 40% - 21:10
2 - 27% - 30% - 15:01
3 - 22% - 20% - 12:12
4 - 14% - 10% - 7:59
Normal Defense
1 - 40% - 40% - 22:41
2 - 31% - 30% - 17:28
3 - 28% - 28% - 15:44
4 - 1% - 2% - 0:29
PP Forward
1 - 64% - 60% - 2:10
2 - 36% - 40% - 1:14
PP Defense
1 - 59% - 60% - 2:00
2 - 41% - 40% - 1:24
PK Forward
1 - 100% - 60% - 0:14
2 - 0% - 40% - 0:00
PK Defense
1 - 100% - 60% - 0:14
2 - 0% - 40% - 0:00
PK3 Forward
1 - 0% - 60%
2 - 0% - 40%
PK3 Defense
1 - 0% - 60%
2 - 0% - 40%
44 Forward
1 - 0% - 60%
2 - 0% - 40%
44 Defense
1 - 0% - 60%
2 - 0% - 40%
Last Minute Offensive  - 0:00
Last Minute Defensive  - 0:00
Total
Forward - 60:00
Defense - 60:00

Play by Play

1st period


0:01 of 1st period - Riley Armstrong wins face-off versus Andrei Loktionov in neutral zone.
0:08 of 1st period - Wrist shot by Riley Armstrong.
0:08 of 1st period - Stopped by Tobias Stephan with a rebound.
0:10 of 1st period - Slapshot by Derek Joslin.
0:10 of 1st period - Shot Blocked by Keith Aulie.
0:12 of 1st period - Slapshot by Derek Joslin.
0:12 of 1st period - Stopped by Tobias Stephan with a rebound.
0:14 of 1st period - Wrist shot by Eric Godard.
0:14 of 1st period - Stopped by Tobias Stephan without a rebound.
0:15 of 1st period - Peter Mueller wins face-off versus Rick Schofield in Staline zone.
0:24 of 1st period - Wrist shot by Cam Janssen.
0:24 of 1st period - Deflect By Peter Mueller.
0:24 of 1st period - Shot Misses the Net.
0:24 of 1st period - Puck is out of play.
0:25 of 1st period - Rick Schofield wins face-off versus Cam Janssen in Scraper zone.
0:58 of 1st period - Snap shot by Valeri Bure.
0:58 of 1st period - Shot Misses the Net.
1:47 of 1st period - Snap shot by Peter Mueller.
1:47 of 1st period - Shot Misses the Net.
1:49 of 1st period - Slapshot by Tyler Cuma.
1:49 of 1st period - Shot Blocked by Ilkka Heikkinen.
1:51 of 1st period - Slapshot by Cam Janssen.
1:51 of 1st period - Stopped by Peter Mannino with a rebound.
2:04 of 1st period - Off-side.
2:05 of 1st period - Daniel Winnik wins face-off versus Andrei Loktionov in neutral zone.
2:10 of 1st period - Snap shot by Eric Godard.
2:10 of 1st period - Shot Misses the Net.
2:20 of 1st period - Snap shot by Daniel Winnik.
2:20 of 1st period - Stopped by Tobias Stephan with a rebound.
3:06 of 1st period - Snap shot by Cody Eakin.
3:06 of 1st period - Stopped by Peter Mannino without a rebound.
3:07 of 1st period - Andrei Loktionov wins face-off versus Riley Nash in Scraper zone.
3:43 of 1st period - Eric Godard is hit by Torey Krug.
4:06 of 1st period - Snap shot by Devin Setoguchi.
4:06 of 1st period - Stopped by Peter Mannino with a rebound.
4:09 of 1st period - Icing by Daniel Winnik.
4:10 of 1st period - Jerome Samson wins face-off versus Andrei Loktionov in Scraper zone.
4:10 of 1st period - Jerome Samson is hit by Keith Aulie.
4:30 of 1st period - Snap shot by Nick Spaling.
4:30 of 1st period - Shot Misses the Net.
6:18 of 1st period - Snap shot by Mason Raymond.
6:18 of 1st period - Stopped by Peter Mannino without a rebound.
6:19 of 1st period - Riley Armstrong wins face-off versus Devin Setoguchi in Scraper zone.
7:03 of 1st period - Snap shot by Devin Setoguchi.
7:03 of 1st period - Stopped by Peter Mannino with a rebound.
7:05 of 1st period - Slapshot by Tyler Cuma.
7:05 of 1st period - Deflect By Devin Setoguchi.
7:05 of 1st period - Shot Misses the Net.
7:05 of 1st period - Puck is out of play.
7:06 of 1st period - Rick Schofield wins face-off versus Mathieu Perreault in Scraper zone.
8:01 of 1st period - Wrist shot by Peter Mueller.
8:01 of 1st period - Stopped by Peter Mannino without a rebound.
8:02 of 1st period - Peter Mueller wins face-off versus Reilly Smith in Scraper zone.
8:15 of 1st period - Wrist shot by Peter Mueller.
8:15 of 1st period - Stopped by Peter Mannino with a rebound.
8:17 of 1st period - Slapshot by Keith Aulie.
8:17 of 1st period - Deflect By Cam Janssen.
8:17 of 1st period - Stopped by Peter Mannino with a rebound.
8:28 of 1st period - Off-side.
8:29 of 1st period - Andrei Loktionov wins face-off versus Rick Schofield in neutral zone.
8:56 of 1st period - Snap shot by Mathieu Perreault.
8:56 of 1st period - Goal by Mathieu Perreault - Scraper : 0 - Staline : 1.
8:57 of 1st period - Riley Armstrong wins face-off versus Andrei Loktionov in neutral zone.
9:00 of 1st period - Snap shot by Eric Godard.
9:00 of 1st period - Shot Blocked by Stu Bickel.
9:06 of 1st period - Brendan Smith is hit by Devin Setoguchi and loses puck.
9:11 of 1st period - Backhand shot by Andrei Loktionov.
9:11 of 1st period - Stopped by Peter Mannino with a rebound.
9:13 of 1st period - Snap shot by Keith Aulie.
9:13 of 1st period - Stopped by Peter Mannino with a rebound.
9:23 of 1st period - Cam Janssen is hit by Valeri Bure and loses puck.
9:50 of 1st period - Derek Joslin is hit by J.T. Wyman.
10:57 of 1st period - Slapshot by Nick Spaling.
10:57 of 1st period - Shot Misses the Net.
10:59 of 1st period - Slapshot by Stu Bickel.
10:59 of 1st period - Shot Blocked by Jared Cowen.
11:01 of 1st period - Snap shot by Stu Bickel.
11:01 of 1st period - Deflect By Brayden Schenn.
11:01 of 1st period - Stopped by Peter Mannino with a rebound.
11:03 of 1st period - Slapshot by Stu Bickel.
11:03 of 1st period - Shot Misses the Net.
11:40 of 1st period - Slapshot by Cam Janssen.
11:40 of 1st period - Stopped by Peter Mannino with a rebound.
12:26 of 1st period - Eric Godard is hit by J.T. Wyman and loses puck.
13:12 of 1st period - Riley Armstrong is hit by Torey Krug.
13:26 of 1st period - Icing by Rick Schofield.
13:27 of 1st period - Jared Boll wins face-off versus Valeri Bure in Scraper zone.
13:28 of 1st period - Wrist shot by Cody Eakin.
13:28 of 1st period - Shot Misses the Net.
13:34 of 1st period - Slapshot by Mathieu Perreault.
13:34 of 1st period - Shot Misses the Net.
13:48 of 1st period - Wrist shot by Riley Armstrong.
13:48 of 1st period - Goal by Riley Armstrong - Scraper : 1 - Staline : 1.
13:49 of 1st period - Riley Armstrong wins face-off versus Devin Setoguchi in neutral zone.
13:54 of 1st period - Wrist shot by Riley Armstrong.
13:54 of 1st period - Shot Misses the Net.
14:17 of 1st period - Off-side.
14:18 of 1st period - Rick Schofield wins face-off versus Peter Mueller in neutral zone.
14:33 of 1st period - Snap shot by Rick Schofield.
14:33 of 1st period - Shot Misses the Net.
14:45 of 1st period - Eric Godard is hit by Michael Del Zotto and loses puck.
15:34 of 1st period - Snap shot by Valeri Bure.
15:34 of 1st period - Stopped by Tobias Stephan without a rebound.
15:35 of 1st period - Andrei Loktionov wins face-off versus Rick Schofield in Staline zone.
15:35 of 1st period - Andrei Loktionov is hit by Rick Schofield.
15:43 of 1st period - Wrist shot by Rick Schofield.
15:43 of 1st period - Stopped by Tobias Stephan with a rebound.
15:45 of 1st period - Snap shot by Rick Schofield.
15:45 of 1st period - Stopped by Tobias Stephan without a rebound.
15:46 of 1st period - Mason Raymond wins face-off versus Riley Armstrong in Staline zone.
15:53 of 1st period - Wrist shot by Mason Raymond.
15:53 of 1st period - Stopped by Peter Mannino without a rebound.
15:54 of 1st period - Andrei Loktionov wins face-off versus Riley Armstrong in Scraper zone.
16:03 of 1st period - Slapshot by Andrei Loktionov.
16:03 of 1st period - Shot Blocked by Derek Joslin.
16:25 of 1st period - Wrist shot by Peter Mueller.
16:25 of 1st period - Stopped by Peter Mannino with a rebound.
16:27 of 1st period - Slapshot by Stu Bickel.
16:27 of 1st period - Deflect By Pierre-Luc Létourneau.
16:27 of 1st period - Shot Misses the Net.
16:27 of 1st period - Puck is out of play.
16:28 of 1st period - Andrei Loktionov wins face-off versus Riley Armstrong in Scraper zone.
16:57 of 1st period - Pierre-Luc Létourneau is hit by Valeri Bure and loses puck.
17:10 of 1st period - Keith Aulie is hit by Jerome Samson.
17:32 of 1st period - Icing by Ilkka Heikkinen.
17:33 of 1st period - Andrei Loktionov wins face-off versus Brayden Schenn in Scraper zone.
17:58 of 1st period - Icing by Theo Peckham.
17:59 of 1st period - Andrei Loktionov wins face-off versus Riley Nash in Staline zone.
18:33 of 1st period - Mason Raymond is hit by Brendan Smith and loses puck.
18:46 of 1st period - Eric Godard is hit by Torey Krug and loses puck.
19:37 of 1st period - Ilkka Heikkinen is hit by Peter Mueller and loses puck.
19:54 of 1st period - Nick Spaling is hit by Reilly Smith and loses puck.
Goals for this period are 1 for Scraper vs 1 for Staline.
Shots for this period are 8 for Scraper vs 15 for Staline.

2nd period


0:01 of 2nd period - Riley Armstrong wins face-off versus Andrei Loktionov in neutral zone.
0:26 of 2nd period - Slapshot by Cody Eakin.
0:26 of 2nd period - Shot Misses the Net.
0:55 of 2nd period - Snap shot by Peter Mueller.
0:55 of 2nd period - Shot Misses the Net.
0:57 of 2nd period - Wrist shot by Cam Janssen.
0:57 of 2nd period - Shot Misses the Net.
1:13 of 2nd period - Torey Krug is hit by Reilly Smith and loses puck.
1:18 of 2nd period - Snap shot by Reilly Smith.
1:18 of 2nd period - Stopped by Tobias Stephan with a rebound.
2:22 of 2nd period - Snap shot by J.T. Wyman.
2:22 of 2nd period - Stopped by Peter Mannino with a rebound.
2:24 of 2nd period - Snap shot by Devin Setoguchi.
2:24 of 2nd period - Stopped by Peter Mannino without a rebound.
2:25 of 2nd period - Mason Raymond wins face-off versus Riley Nash in Scraper zone.
2:28 of 2nd period - Snap shot by Andrei Loktionov.
2:28 of 2nd period - Stopped by Peter Mannino with a rebound.
2:30 of 2nd period - Slapshot by Theo Peckham.
2:30 of 2nd period - Deflect By Devin Setoguchi.
2:30 of 2nd period - Shot Misses the Net.
2:30 of 2nd period - Puck is out of play.
2:31 of 2nd period - Riley Armstrong wins face-off versus Andrei Loktionov in Scraper zone.
2:36 of 2nd period - Wrist shot by Andrei Loktionov.
2:36 of 2nd period - Stopped by Peter Mannino without a rebound.
2:37 of 2nd period - Riley Armstrong wins face-off versus Andrei Loktionov in Scraper zone.
2:42 of 2nd period - Derek Joslin is hit by Devin Setoguchi and loses puck.
2:47 of 2nd period - Slapshot by Andrei Loktionov.
2:47 of 2nd period - Stopped by Peter Mannino with a rebound.
2:49 of 2nd period - Snap shot by Mason Raymond.
2:49 of 2nd period - Shot Blocked by Derek Joslin.
2:51 of 2nd period - Slapshot by Mason Raymond.
2:51 of 2nd period - Shot Blocked by Brendan Smith.
3:17 of 2nd period - Snap shot by Daniel Winnik.
3:17 of 2nd period - Stopped by Tobias Stephan with a rebound.
3:19 of 2nd period - Snap shot by Eric Godard.
3:19 of 2nd period - Deflect By Riley Armstrong.
3:19 of 2nd period - Stopped by Tobias Stephan with a rebound.
3:21 of 2nd period - Slapshot by Daniel Winnik.
3:21 of 2nd period - Stopped by Tobias Stephan with a rebound.
3:23 of 2nd period - Snap shot by Daniel Winnik.
3:23 of 2nd period - Shot Misses the Net.
3:25 of 2nd period - Snap shot by Derek Joslin.
3:25 of 2nd period - Shot Misses the Net.
3:27 of 2nd period - Slapshot by Brendan Smith.
3:27 of 2nd period - Shot Blocked by Mason Raymond.
3:43 of 2nd period - Wrist shot by Andrei Loktionov.
3:43 of 2nd period - Shot Misses the Net.
3:55 of 2nd period - Wrist shot by Riley Armstrong.
3:55 of 2nd period - Goal by Riley Armstrong - Scraper : 2 - Staline : 1.
3:56 of 2nd period - Peter Mueller wins face-off versus Marcus Foligno in neutral zone.
4:01 of 2nd period - Jared Cowen is hit by Pierre-Luc Létourneau.
5:09 of 2nd period - Marcus Foligno is hit by J.T. Wyman and loses puck.
5:22 of 2nd period - Slapshot by Michael Del Zotto.
5:22 of 2nd period - Shot Misses the Net.
6:27 of 2nd period - Daniel Winnik is hit by Keith Aulie and loses puck.
7:29 of 2nd period - Snap shot by Mason Raymond.
7:29 of 2nd period - Goal by Mason Raymond - Scraper : 2 - Staline : 2.
7:30 of 2nd period - Riley Armstrong wins face-off versus Devin Setoguchi in neutral zone.
7:39 of 2nd period - Slapshot by Eric Godard.
7:39 of 2nd period - Shot Misses the Net.
7:41 of 2nd period - Snap shot by Daniel Winnik.
7:41 of 2nd period - Shot Misses the Net.
7:43 of 2nd period - Slapshot by Brendan Smith.
7:43 of 2nd period - Stopped by Tobias Stephan with a rebound.
7:45 of 2nd period - Snap shot by Eric Godard.
7:45 of 2nd period - Stopped by Tobias Stephan with a rebound.
9:25 of 2nd period - Icing by Cam Janssen.
9:26 of 2nd period - Riley Nash wins face-off versus Peter Mueller in Staline zone.
9:27 of 2nd period - Slapshot by Riley Armstrong.
9:27 of 2nd period - Shot Blocked by Theo Peckham.
9:29 of 2nd period - Slapshot by Joe Finley.
9:29 of 2nd period - Stopped by Tobias Stephan with a rebound.
9:31 of 2nd period - Snap shot by Rick Schofield.
9:31 of 2nd period - Shot Misses the Net.
9:33 of 2nd period - Snap shot by Eric Gryba.
9:33 of 2nd period - Stopped by Tobias Stephan with a rebound.
10:27 of 2nd period - Valeri Bure is hit by Nick Spaling.
12:54 of 2nd period - Brendan Smith is hit by Pierre-Luc Létourneau and loses puck.
13:14 of 2nd period - Jared Cowen is hit by Andrei Loktionov and loses puck.
13:29 of 2nd period - Jared Boll is hit by Riley Armstrong and loses puck.
14:23 of 2nd period - Riley Nash is hit by Peter Mueller and loses puck.
14:30 of 2nd period - Minor Penalty to Riley Nash for Hooking.
14:31 of 2nd period - Andrei Loktionov wins face-off versus Eric Godard in Scraper zone.
14:56 of 2nd period - Brendan Smith is hit by Pierre-Luc Létourneau and loses puck.
16:30 of 2nd period - Penalty to Riley Nash is over, Riley Nash is back on ice.
16:58 of 2nd period - Icing by Eric Gryba.
16:59 of 2nd period - Brayden Schenn wins face-off versus Cody Eakin in Scraper zone.
17:04 of 2nd period - Backhand shot by Eric Godard.
17:04 of 2nd period - Stopped by Tobias Stephan with a rebound.
17:22 of 2nd period - Icing by Keith Aulie.
17:23 of 2nd period - Valeri Bure wins face-off versus Cam Janssen in Staline zone.
17:30 of 2nd period - Slapshot by Rick Schofield.
17:30 of 2nd period - Stopped by Tobias Stephan without a rebound.
17:31 of 2nd period - Andrei Loktionov wins face-off versus Riley Armstrong in Staline zone.
17:38 of 2nd period - Brendan Smith is hit by Devin Setoguchi and loses puck.
18:20 of 2nd period - Brendan Smith is hit by Jared Boll.
18:42 of 2nd period - Riley Nash is hit by Nick Spaling and loses puck.
18:51 of 2nd period - Wrist shot by Nick Spaling.
18:51 of 2nd period - Shot Misses the Net.
19:03 of 2nd period - Slapshot by Ilkka Heikkinen.
19:03 of 2nd period - Stopped by Tobias Stephan without a rebound.
19:04 of 2nd period - Rick Schofield wins face-off versus Andrei Loktionov in Staline zone.
19:27 of 2nd period - Wrist shot by Andrei Loktionov.
19:27 of 2nd period - Stopped by Peter Mannino with a rebound.
19:29 of 2nd period - Minor Penalty to Joe Finley for Tripping.
19:30 of 2nd period - Eric Godard wins face-off versus Andrei Loktionov in Scraper zone.
Goals for this period are 1 for Scraper vs 1 for Staline.
Shots for this period are 12 for Scraper vs 7 for Staline.

3rd period


0:01 of 3rd period - Andrei Loktionov wins face-off versus Eric Godard in neutral zone.
0:32 of 3rd period - Snap shot by Tyler Cuma.
0:32 of 3rd period - Goal by Tyler Cuma - Scraper : 2 - Staline : 3.
0:33 of 3rd period - Riley Armstrong wins face-off versus Andrei Loktionov in neutral zone.
1:34 of 3rd period - Nick Spaling is hit by Riley Armstrong and loses puck.
1:39 of 3rd period - Slapshot by Riley Armstrong.
1:39 of 3rd period - Stopped by Tobias Stephan without a rebound.
1:40 of 3rd period - Riley Nash wins face-off versus Andrei Loktionov in Staline zone.
1:49 of 3rd period - Slapshot by Riley Armstrong.
1:49 of 3rd period - Stopped by Tobias Stephan with a rebound.
1:51 of 3rd period - Wrist shot by Riley Nash.
1:51 of 3rd period - Stopped by Tobias Stephan without a rebound.
1:52 of 3rd period - Riley Armstrong wins face-off versus Andrei Loktionov in Staline zone.
2:54 of 3rd period - Slapshot by Theo Peckham.
2:54 of 3rd period - Shot Blocked by Derek Joslin.
3:19 of 3rd period - Slapshot by Valeri Bure.
3:19 of 3rd period - Shot Blocked by Andrei Loktionov.
3:21 of 3rd period - Wrist shot by Marcus Foligno.
3:21 of 3rd period - Deflect By Rick Schofield.
3:21 of 3rd period - Stopped by Tobias Stephan without a rebound.
3:22 of 3rd period - Cam Janssen wins face-off versus Riley Armstrong in Staline zone.
3:27 of 3rd period - Slapshot by Keith Aulie.
3:27 of 3rd period - Stopped by Peter Mannino with a rebound.
3:29 of 3rd period - Snap shot by Stu Bickel.
3:29 of 3rd period - Shot Blocked by Riley Armstrong.
3:31 of 3rd period - Wrist shot by Pierre-Luc Létourneau.
3:31 of 3rd period - Shot Blocked by Eric Godard.
3:33 of 3rd period - Snap shot by Stu Bickel.
3:33 of 3rd period - Stopped by Peter Mannino without a rebound.
3:34 of 3rd period - Riley Armstrong wins face-off versus Andrei Loktionov in Scraper zone.
3:39 of 3rd period - Snap shot by Devin Setoguchi.
3:39 of 3rd period - Stopped by Peter Mannino with a rebound.
4:53 of 3rd period - Off-side.
4:54 of 3rd period - Andrei Loktionov wins face-off versus Rick Schofield in neutral zone.
5:25 of 3rd period - Michael Del Zotto is hit by Riley Armstrong and loses puck.
6:20 of 3rd period - Wrist shot by Andrei Loktionov.
6:20 of 3rd period - Deflect By Riley Armstrong.
6:20 of 3rd period - Shot Misses the Net.
6:20 of 3rd period - Puck is out of play.
6:21 of 3rd period - Brayden Schenn wins face-off versus Peter Mueller in Scraper zone.
6:30 of 3rd period - Wrist shot by Peter Mueller.
6:30 of 3rd period - Stopped by Peter Mannino with a rebound.
6:46 of 3rd period - Brendan Smith is hit by Mason Raymond and loses puck.
6:53 of 3rd period - Rick Schofield is hit by Andrei Loktionov and loses puck.
7:25 of 3rd period - Icing by Jared Cowen.
7:26 of 3rd period - Brayden Schenn wins face-off versus Cody Eakin in Scraper zone.
7:33 of 3rd period - Wrist shot by Eric Godard.
7:33 of 3rd period - Shot Misses the Net.
7:35 of 3rd period - Snap shot by Reilly Smith.
7:35 of 3rd period - Shot Misses the Net.
7:37 of 3rd period - Slapshot by Eric Godard.
7:37 of 3rd period - Deflect By Reilly Smith.
7:37 of 3rd period - Shot Blocked by Tyler Cuma.
7:37 of 3rd period - Puck is out of play.
7:38 of 3rd period - Riley Armstrong wins face-off versus Devin Setoguchi in Staline zone.
7:39 of 3rd period - Snap shot by Eric Godard.
7:39 of 3rd period - Stopped by Tobias Stephan without a rebound.
7:40 of 3rd period - Andrei Loktionov wins face-off versus Riley Armstrong in Staline zone.
8:05 of 3rd period - Derek Joslin is hit by Peter Mueller and loses puck.
8:10 of 3rd period - Snap shot by Pierre-Luc Létourneau.
8:10 of 3rd period - Deflect By Peter Mueller.
8:10 of 3rd period - Stopped by Peter Mannino with a rebound.
8:12 of 3rd period - Wrist shot by Stu Bickel.
8:12 of 3rd period - Deflect By Peter Mueller.
8:12 of 3rd period - Shot Blocked by Valeri Bure.
8:12 of 3rd period - Puck is out of play.
8:13 of 3rd period - Andrei Loktionov wins face-off versus Riley Armstrong in Scraper zone.
8:16 of 3rd period - Snap shot by Andrei Loktionov.
8:16 of 3rd period - Shot Blocked by Ilkka Heikkinen.
8:38 of 3rd period - Keith Aulie is hit by Marcus Foligno and loses puck.
8:45 of 3rd period - Slapshot by Valeri Bure.
8:45 of 3rd period - Shot Misses the Net.
8:59 of 3rd period - Wrist shot by Mathieu Perreault.
8:59 of 3rd period - Shot Blocked by Brayden Schenn.
9:01 of 3rd period - Wrist shot by J.T. Wyman.
9:01 of 3rd period - Shot Misses the Net.
9:05 of 3rd period - Snap shot by Mathieu Perreault.
9:05 of 3rd period - Goal by Mathieu Perreault - Scraper : 2 - Staline : 4.
9:06 of 3rd period - Riley Armstrong wins face-off versus Andrei Loktionov in neutral zone.
9:27 of 3rd period - Minor Penalty to Theo Peckham for Cross-checking.
9:28 of 3rd period - Riley Armstrong wins face-off versus Andrei Loktionov in Staline zone.
9:41 of 3rd period - Snap shot by Daniel Winnik.
9:41 of 3rd period - Goal by Daniel Winnik - Scraper : 3 - Staline : 4.
9:42 of 3rd period - Andrei Loktionov wins face-off versus Riley Armstrong in neutral zone.
11:11 of 3rd period - Marcus Foligno is hit by Stu Bickel and loses puck.
12:03 of 3rd period - Brayden Schenn is hit by Cody Eakin.
12:15 of 3rd period - Slapshot by Michael Del Zotto.
12:15 of 3rd period - Shot Misses the Net.
12:31 of 3rd period - Slapshot by Keith Aulie.
12:31 of 3rd period - Shot Blocked by Eric Gryba.
12:33 of 3rd period - Minor Penalty to Riley Nash for Roughing.
12:34 of 3rd period - Andrei Loktionov wins face-off versus Eric Godard in Scraper zone.
12:35 of 3rd period - Wrist shot by Devin Setoguchi.
12:35 of 3rd period - Stopped by Peter Mannino with a rebound.
12:37 of 3rd period - Wrist shot by Andrei Loktionov.
12:37 of 3rd period - Shot Misses the Net.
12:39 of 3rd period - Wrist shot by Mason Raymond.
12:39 of 3rd period - Shot Misses the Net.
12:41 of 3rd period - Wrist shot by Mason Raymond.
12:41 of 3rd period - Shot Blocked by Derek Joslin.
12:43 of 3rd period - Slapshot by Theo Peckham.
12:43 of 3rd period - Deflect By Devin Setoguchi.
12:43 of 3rd period - Shot Blocked by Brendan Smith.
12:43 of 3rd period - Puck is out of play.
12:44 of 3rd period - Andrei Loktionov wins face-off versus Eric Godard in Scraper zone.
12:51 of 3rd period - Snap shot by Mason Raymond.
12:51 of 3rd period - Shot Misses the Net.
12:53 of 3rd period - Wrist shot by Devin Setoguchi.
12:53 of 3rd period - Shot Blocked by Brendan Smith.
12:55 of 3rd period - Wrist shot by Mason Raymond.
12:55 of 3rd period - Goal by Mason Raymond - Scraper : 3 - Staline : 5.
12:56 of 3rd period - Andrei Loktionov wins face-off versus Riley Armstrong in neutral zone.
12:59 of 3rd period - Snap shot by Riley Armstrong.
12:59 of 3rd period - Shot Misses the Net.
13:21 of 3rd period - Keith Aulie is hit by Brendan Smith and loses puck.
13:30 of 3rd period - Snap shot by Valeri Bure.
13:30 of 3rd period - Stopped by Tobias Stephan without a rebound.
13:31 of 3rd period - Riley Armstrong wins face-off versus Andrei Loktionov in Staline zone.
13:58 of 3rd period - Theo Peckham is hit by Marcus Foligno and loses puck.
14:39 of 3rd period - Keith Aulie is hit by Derek Joslin and loses puck.
14:46 of 3rd period - Snap shot by Eric Godard.
14:46 of 3rd period - Shot Misses the Net.
15:12 of 3rd period - Icing by Stu Bickel.
15:13 of 3rd period - Rick Schofield wins face-off versus Mason Raymond in Staline zone.
15:33 of 3rd period - Snap shot by Mathieu Perreault.
15:33 of 3rd period - Shot Misses the Net.
15:35 of 3rd period - Wrist shot by Nick Spaling.
15:35 of 3rd period - Shot Misses the Net.
15:37 of 3rd period - Slapshot by Nick Spaling.
15:37 of 3rd period - Stopped by Peter Mannino with a rebound.
15:39 of 3rd period - Backhand shot by Keith Aulie.
15:39 of 3rd period - Stopped by Peter Mannino without a rebound.
15:40 of 3rd period - Rick Schofield wins face-off versus Andrei Loktionov in Scraper zone.
15:40 of 3rd period - Rick Schofield is hit by Torey Krug.
16:01 of 3rd period - Mason Raymond is hit by Marcus Foligno.
16:21 of 3rd period - Wrist shot by Eric Godard.
16:21 of 3rd period - Shot Misses the Net.
16:36 of 3rd period - Off-side.
16:37 of 3rd period - Peter Mueller wins face-off versus Rick Schofield in neutral zone.
17:01 of 3rd period - Off-side.
17:02 of 3rd period - Andrei Loktionov wins face-off versus Riley Armstrong in neutral zone.
Goals for this period are 1 for Scraper vs 3 for Staline.
Shots for this period are 7 for Scraper vs 11 for Staline.


Output by the SimonT Hockey Simulator (STHS) for François Prévost -- Original Page W3C XHTML 1.0 Valid
Hockey Simulator - Hockey Simulation - Hockey Manager